 Dungeon Crawl Stone Soup version 0.22.1-1-ga44c0e5 (webtiles) character file.

12102 brandon the Basher (level 11, -1/156 HPs)
             Began as a Minotaur Berserker on Sept 30, 2018.
             Was a High Priest of Trog.
             Succumbed to a wolf spider's poison
             ... on level 2 of the Lair of Beasts.
             The game lasted 00:32:39 (11213 turns).

brandon the Basher (Minotaur Berserker)            Turns: 11213, Time: 00:32:40

Health: -1/156     AC: 18    Str: 27    XL:     11   Next: 58%
Magic:  10/10      EV:  7    Int:  4    God:    Trog [*****.]
Gold:   716        SH: 10    Dex: 13    Spells: 10/10 levels left

rFire    + . .     SeeInvis .   v - +7 mace (freeze)
rCold    . . .     Gourm    .   K - +0 shield
rNeg     . . .     Faith    +   t - +2 plate armour {rF+}
rPois    .         Spirit   .   (helmet restricted)
rElec    .         Reflect  .   (no cloak)
rCorr    +         Harm     .   O - +0 pair of gloves
MR       .....                  (no boots)
Stlth    ..........             A - amulet of faith
HPRegen  0.36/turn              u - ring of stealth
MPRegen  0.12/turn              w - ring of resist corrosion

@: berserking (expiring), lethally poisoned (-1 -> -126), very quick
A: retaliatory headbutt, horns 2
a: Berserk, Trog's Hand, Brothers in Arms, Renounce Religion


You were on level 2 of the Lair of Beasts.
You worshipped Trog.
Trog was extremely pleased with you.
You were very hungry.

You visited 2 branches of the dungeon, and saw 11 of its levels.

You collected 716 gold pieces.

Inventory:

Hand Weapons
 a - a +0 mace
 d - a +0 spear of venom
 r - a +3 dire flail of crushing
 v - a +7 mace of freezing (weapon)
 H - a +2 mace of protection
Missiles
 k - 10 tomahawks (quivered)
 o - 7 poisoned tomahawks
Armour
 t - a +2 plate armour of fire resistance (worn)
 D - the +3 ring mail "Putau" {+Fly rF+ Regen+ Dex-3}
   (You found it on level 8 of the Dungeon)

   It affects your dexterity (-3).
   It protects you from fire.
   It lets you fly.
   It increases your rate of regeneration.
 K - a +0 shield (worn)
 O - a +0 pair of gloves (worn)
Magical Staves
 E - an uncursed staff of energy
 R - an uncursed staff of air {unknown}
Jewellery
 u - a ring of stealth (left hand)
 w - a ring of resist corrosion (right hand)
 A - an amulet of faith (around neck)
 I - an uncursed amulet of regeneration
 M - an uncursed ring of see invisible
Wands
 C - a wand of iceblast (9)
 J - a wand of polymorph (18)
 P - a wand of random effects (59)
Scrolls
 b - 3 scrolls of teleportation
 f - 5 scrolls of remove curse
 j - 2 scrolls of identify
 l - 2 scrolls of magic mapping {unknown}
 m - 3 scrolls of immolation {unknown}
 p - 3 scrolls of fog {unknown}
 q - 2 scrolls of enchant weapon {unknown}
 s - a scroll of blinking {unknown}
 y - 3 scrolls of amnesia
 z - a scroll of enchant armour {unknown}
 B - a scroll of random uselessness {unknown}
 L - a scroll of fear {unknown}
Potions
 e - 5 potions of haste
 g - 5 potions of lignification {unknown}
 h - 5 potions of curing
 i - 5 potions of agility
 n - a potion of heal wounds {unknown}
 x - a potion of degeneration {unknown}
 F - a potion of invisibility {unknown}
 G - a potion of brilliance {unknown}
 N - a potion of magic {unknown}
 Q - a potion of berserk rage {unknown}
Comestibles
 c - 17 rations


   Skills:
 * Level 11.7 Fighting
 * Level 14.6 Maces & Flails
 - Level 0.7 Polearms
 + Level 11.0 Armour
 + Level 3.5 Dodging
 + Level 3.3 Shields


You had 10 spell levels left.
You didn't know any spells.
Your spell library contained the following spells:

 Spells                   Type           Power        Failure   Level  Hunger
 Animate Skeleton         Necr           N/A          100%        1    ##.....
 Apportation              Tloc           #.....       100%        1    ##.....
 Confusing Touch          Hex            #.....       100%        1    ##.....
 Corona                   Hex            #......      100%        1    ##.....
 Flame Tongue             Conj/Fire      #....        100%        1    ##.....
 Shock                    Conj/Air       #...         100%        1    ##.....
 Summon Small Mammal      Summ           #...         100%        1    ##.....
 Ensorcelled Hibernation  Hex/Ice        #.....       100%        2    ###....
 Swiftness                Chrm/Air       #.......     100%        2    ###....
 Throw Flame              Conj/Fire      #.....       100%        2    ###....
 Confuse                  Hex            #.......     100%        3    ####...
 Conjure Flame            Conj/Fire      #.......     100%        3    ####...
 Dazzling Spray           Conj/Hex       #.....       100%        3    ####...
 Gell's Gravitas          Tloc           #.........   100%        3    ####...
 Inner Flame              Hex/Fire       #.......     100%        3    ####...
 Static Discharge         Conj/Air       #.......     100%        3    ####...
 Tukima's Dance           Hex            #.......     100%        3    ####...
 Airstrike                Air            #.........   100%        4    #####..
 Petrify                  Tmut/Erth      #.......     100%        4    #####..
 Sticky Flame             Conj/Fire      #.......     100%        4    #####..
 Fireball                 Conj/Fire      #.........   100%        5    ######.
 Lightning Bolt           Conj/Air       #.........   100%        5    ######.
 Metabolic Englaciation   Hex/Ice        #.........   100%        5    ######.
 Yara's Violent Unravell  Hex/Tmut       #.........   100%        5    ######.


Dungeon Overview and Level Annotations

Branches:
Dungeon (9/15)             Temple (0/1) D:5            Lair (2/6) D:9
 Spider (0/4) Lair:2
  Swamp: Lair:2-4    Shoals: Lair:2-4       Orc: D:9-12

Altars:
Dithmenos
Fedhas

Annotations:
D:2 exclusion: oklob plant
Lair:2 exclusion: 3 oklob plants


Innate Abilities, Weirdness & Mutations

You reflexively headbutt those who attack you in melee.
You have a pair of horns on your head.


Message History

The wolf spider bites you but does no damage.
A red film seems to cover your vision as you go berserk!
You feel yourself moving faster!
You feel mighty!
You are feeling very hungry.
* * * LOW HITPOINT WARNING * * *
You feel extremely sick. You block the redback's attack.
The wolf spider hits you but does no damage.
The wolf spider bites you.
* * * LOW HITPOINT WARNING * * *
You are more poisoned.
The wolf spider poisons you!
You feel a strong urge to attack something.
* * * LOW HITPOINT WARNING * * *
You feel extremely sick.
* * * LOW HITPOINT WARNING * * *
You feel extremely sick.
You are too berserk!
You feel your anger nearly subside.
You die...

###..>.##.....
#..^...#...... .
##.^...##...... ....
##^....##....... #...
####.^^^^# #.......
#...##.....s#####.......
#.......s###.##........
.#.#...##...####......
#...@.#....## #......
#..P.....)#)# ##.....
#....#####.## ##....
#...P# ### ##.... ###..#
#..### #..## #####.
#...## #### ##..P#
#####..P #...#
####.##....


You could see a wolf spider and a redback.

Vanquished Creatures
  A hydra (Lair:1)
  The ghost of zapotec the Cleaver, a novice HOFi of Okawaru (D:8)
  3 black mambas
  A centaur zombie (D:8)
  4 spiny frogs
  A komodo dragon (D:9)
  2 hornets (D:9)
  Grinder (D:3)
  A hippogriff (D:9)
  3 wyverns
  2 basilisks
  A vampire (D:7)
  8 yaks
  6 vampire mosquitoes (D:9)
  A soldier ant (D:9)
  An acid dragon (D:9)
  3 water moccasins
  5 orc warriors
  3 porcupines
  2 ice beasts
  A sky beast (D:7)
  2 ogres
  2 phantoms
  4 centaurs
  A crocodile (D:9)
  A big kobold (D:7)
  8 bullfrogs
  Blork the orc (D:4)
  A wyvern zombie (D:9)
  3 scorpions
  4 wights (D:6)
  An electric eel (D:7)
  A howler monkey (D:7)
  3 crimson imps
  A bullfrog zombie (D:9)
  4 hounds
  A jelly (D:6)
  2 orc priests
  2 gnoll shamans
  11 orc wizards
  An iguana (D:6)
  A centaur skeleton (D:6)
  Natasha (twice) (D:3)
  7 worker ants
  2 killer bee zombies (D:6)
  3 hound zombies
  8 gnolls
  8 adders
  A shadow imp (D:5)
  An adder skeleton (D:6)
  4 worms
  3 dart slugs
  7 leopard geckos
  16 orcs
  5 ball pythons
  5 giant cockroaches
  6 goblins
  8 hobgoblins
  3 jackals
  6 kobolds
  2 quokkas
  13 bats
  6 frilled lizards
  A jackal skeleton (D:5)
  A quokka skeleton (D:4)
  7 rats
  A fungus (Lair:1)
232 creatures vanquished.

Vanquished Creatures (others)
  2 plants (Lair:2)
  11 toadstools (D:2)
13 creatures vanquished.

Grand Total: 245 creatures vanquished

Notes
Turn   | Place    | Note
-------+----------+-------------------------------------------
     0 | D:1      | brandon the Minotaur Berserker began the quest for the Orb.
     0 | D:1      | Reached XP level 1. HP: 19/19 MP: 0/0
   102 | D:1      | Reached XP level 2. HP: 17/27 MP: 1/1
   113 | D:1      | Reached skill level 4 in Maces & Flails
   508 | D:2      | Found a faded altar of an unknown god.
   518 | D:2      | Reached XP level 3. HP: 33/33 MP: 2/2
   607 | D:2      | Reached ** piety under Trog
   757 | D:2      | Found a blossoming altar of Fedhas.
   769 | D:2      | Noticed an oklob plant
  1505 | D:3      | Noticed Grinder
  1521 | D:3      | Killed Grinder
  1521 | D:3      | Reached skill level 5 in Fighting
  1521 | D:3      | Reached skill level 6 in Maces & Flails
  1521 | D:3      | Reached XP level 4. HP: 16/42 MP: 3/3
  1521 | D:3      | Reached XP level 5. HP: 19/48 MP: 4/4
  1756 | D:3      | Reached XP level 6. HP: 51/56 MP: 5/5
  2171 | D:3      | Noticed Natasha
  2182 | D:3      | Killed Natasha
  2182 | D:3      | Reached skill level 7 in Maces & Flails
  2186 | D:3      | Reached *** piety under Trog
  2330 | D:3      | Noticed Natasha
  2336 | D:3      | Killed Natasha
  2407 | D:4      | Noticed Blork the orc
  2418 | D:4      | Killed Blork the orc
  2460 | D:4      | Reached XP level 7. HP: 48/62 MP: 6/6
  2600 | D:4      | You fall through a shaft for 3 floors!
  2822 | D:6      | Found a shadowy altar of Dithmenos.
  3045 | D:6      | Reached skill level 5 in Armour
  3052 | D:6      | Reached skill level 8 in Maces & Flails
  3142 | D:6      | Reached XP level 8. HP: 71/71 MP: 7/7
  3288 | D:5      | Entered Level 5 of the Dungeon
  3297 | D:5      | Reached skill level 9 in Maces & Flails
  3419 | D:5      | Found a staircase to the Ecumenical Temple.
  3449 | D:5      | Reached **** piety under Trog
  4657 | D:6      | Reached skill level 10 in Maces & Flails
  5294 | D:7      | Reached skill level 11 in Maces & Flails
  5294 | D:7      | Reached XP level 9. HP: 57/79 MP: 8/8
  6800 | D:8      | Got a dazzling ring mail
  6807 | D:8      | Identified the +3 ring mail "Putau" {+Fly rF+ Regen+ Dex-3}
                  | (You found it on level 8 of the Dungeon)
  6841 | D:8      | Reached skill level 12 in Maces & Flails
  6931 | D:8      | Found a runed door.
  6931 | D:8      | Noticed zapotec's ghost (novice HOFi)
  7006 | D:8      | Killed zapotec's ghost
  7036 | D:8      | Reached XP level 10. HP: 75/90 MP: 9/9
  7432 | D:9      | Reached ***** piety under Trog
  7534 | D:9      | Reached skill level 13 in Maces & Flails
  8095 | D:9      | Reached skill level 10 in Fighting
  8462 | D:9      | Paralysed by a hornet for 2 turns
  8467 | D:9      | Reached skill level 14 in Maces & Flails
  8680 | D:9      | Paralysed by a hornet for 3 turns
  8924 | D:9      | Found a staircase to the Lair.
  8930 | Lair:1   | Entered Level 1 of the Lair of Beasts
  9043 | Lair:1   | Noticed a black mamba
  9044 | Lair:1   | Noticed a black mamba
  9048 | Lair:1   | Killed a black mamba
  9061 | Lair:2   | Killed a black mamba
  9061 | Lair:2   | Reached XP level 11. HP: 46/101 MP: 10/10
  9311 | Lair:1   | Received a gift from Trog
  9311 | Lair:1   | Reached skill level 10 in Armour
  9334 | Lair:1   | Noticed an eight-headed hydra
  9527 | Lair:1   | Reached skill level 1 in Shields
 10292 | Lair:1   | Killed an eight-headed hydra
 11085 | Lair:2   | Noticed an oklob plant
 11085 | Lair:2   | Noticed an oklob plant
 11085 | Lair:2   | Noticed an oklob plant
 11198 | Lair:2   | Found a hole to the Spider Nest.
 11199 | Lair:2   | Noticed a wolf spider
 11212 | Lair:2   | HP: 5/156 [poisoned by a wolf spider]
 11213 | Lair:2   | Succumbed to a wolf spider's poison

Skill      XL: |  1  2  3  4  5  6  7  8  9 10 11 |
---------------+----------------------------------+-----
Maces & Flails | 4 6 7 8 11 12 14 | 14.6
Fighting       | 4 5 6 7 8 10 11 | 11.7
Armour         | 3 4 5 6 8 9 11 | 11.0
Dodging        | 3 |  3.5
Shields        | 3 |  3.3
Polearms       | |  0.7

Action                   |  1- 3 |  4- 6 |  7- 9 | 10-12 || total
-------------------------+-------+-------+-------+-------++-------
Melee: Mace              |    62 |    15 |   184 |   270 ||   531
       Headbutt          |     8 |    16 |    41 |    50 ||   115
       Spear             |    19 |    81 |       |       ||   100
       Dire flail        |       |     1 |    42 |       ||    43
Invok: Berserk           |     1 |       |     7 |     4 ||    12
  Use: Scroll            |       |       |     6 |     7 ||    13
       Potion            |       |       |       |     4 ||     4
  Eat: Ration            |     1 |       |     5 |     3 ||     9
       Chunk             |       |     2 |     5 |     4 ||    11
Armor: Animal skin       |     4 |       |       |       ||     4
       Ring mail         |    31 |       |       |       ||    31
       Chain mail        |    16 |    57 |    10 |       ||    83
       Plate armour      |       |       |   122 |   201 ||   323
Dodge: Dodged            |    61 |    48 |    88 |    88 ||   285
Block: Shield            |       |       |       |    74 ||    74
